EL
BILOXI SHUCKERS @ MISSISSIPPI BRAVES
08/26/2045
 
TOP OF THE 1ST
Biloxi Shuckers batting - Pitching for Mississippi Braves : RHP Andy Kiefer
Pitching: RHP Andy Kiefer
Batting: RHB Logan Morgan 0-0: Ground out 5-3 (Groundball, 56S, EV 66.9 MPH)
Batting: LHB Joe Vida 0-0: Ball
1-0: Called Strike
1-1: Ball
2-1: Ball
3-1: Swinging Strike
3-2: Strikes out swinging
Batting: LHB Alfredo de la Cruz 0-0: Ball
1-0: Called Strike
1-1: Called Strike
1-2: Strikes out swinging
Top of the 1st over - 0 runs, 0 hits, 0 errors, 0 left on base; Biloxi 0 - Mississippi 0
BOTTOM OF THE 1ST
Mississippi Braves batting - Pitching for Biloxi Shuckers : RHP Brian Harper
Pitching: RHP Brian Harper
Batting: RHB Edgar Castillo 0-0: Foul Ball, location: 2F
0-1: Ball
1-1: Ball
2-1: Foul Ball, location: 2F
2-2: Foul Ball, location: 2F
2-2: Ball
3-2: Fly out, F9 (Flyball, 9LS, EV 81.2 MPH)
Batting: LHB Mark Buchholz 0-0: Swinging Strike
0-1: Foul Ball, location: 2F
0-2: Ground out 4-3 (Groundball, 4D, EV 100.0 MPH)
Batting: SHB Bob Morales 0-0: Fly out, F8 (Flyball, 89S, EV 88.1 MPH)
Bottom of the 1st over - 0 runs, 0 hits, 0 errors, 0 left on base; Biloxi 0 - Mississippi 0
TOP OF THE 2ND
Biloxi Shuckers batting - Pitching for Mississippi Braves : RHP Andy Kiefer
Batting: RHB Matthew Adams 0-0: SINGLE (Groundball, 34D, EV 101.9 MPH)
Batting: RHB Vinny Estrada 0-0: Called Strike
0-1: Ball
1-1: Called Strike
1-2: Strikes out looking
Batting: RHB John Freeman 0-0: Ball
1-0: Ball
2-0: Swinging Strike
2-1: Ball
3-1: Called Strike
3-2: Fielders Choice at 2nd, 6-4 (Groundball, 56, EV 85.0 MPH)
Batting: RHB Steve Byerly 0-0: Called Strike
0-1: Swinging Strike
0-2: Foul Ball, location: 2F
0-2: Strikes out swinging
Top of the 2nd over - 0 runs, 1 hit, 0 errors, 1 left on base; Biloxi 0 - Mississippi 0
BOTTOM OF THE 2ND
Mississippi Braves batting - Pitching for Biloxi Shuckers : RHP Brian Harper
Batting: LHB Jose Chinchilla 0-0: Called Strike
0-1: Ground out 1-3 (Groundball, 13S, EV 68.8 MPH)
Batting: RHB Jack Power 0-0: Called Strike
0-1: Ball
1-1: Foul Ball, location: 2F
1-2: Strikes out swinging
Batting: RHB Riley Nasiir 0-0: Called Strike
0-1: Ball
1-1: Fly out, F8 (Flyball, 8RM, EV 89.4 MPH)
Bottom of the 2nd over - 0 runs, 0 hits, 0 errors, 0 left on base; Biloxi 0 - Mississippi 0
TOP OF THE 3RD
Biloxi Shuckers batting - Pitching for Mississippi Braves : RHP Andy Kiefer
Batting: RHB Matt Saunders 0-0: Called Strike
0-1: SINGLE (Flyball, 8LS, EV 97.5 MPH)
Batting: RHB Gene Sutton 0-0: Ground out U3 (Groundball, 34S, EV 65.6 MPH)
Matt Saunders to second
Batting: RHB Logan Morgan 0-0: Ball
1-0: Ball
2-0: Foul Ball, location: 2F
2-1: Foul Ball, location: 2F
2-2: Ground out 6-3 (Groundball, 6, EV 88.1 MPH)
Batting: LHB Joe Vida 0-0: Ball
1-0: 2-RUN HOME RUN (Flyball, 89XD, EV 103.8 MPH), Distance : 406 ft
Batting: LHB Alfredo de la Cruz 0-0: Ball
1-0: Foul Ball, location: 2F
1-1: SINGLE (Line Drive, 7LM, EV 96.9 MPH)
Batting: RHB Matthew Adams 0-0: Ball
1-0: Foul Ball, location: 2F
1-1: Called Strike
Alfredo de la Cruz steals 2nd base (no throw)
1-2: Foul Ball, location: 2F
1-2: Ball
2-2: Foul Ball, location: 2F
2-2: Foul Ball, location: 2F
2-2: Foul Ball, location: 2F
2-2: Ground out 5-3 (Groundball, 56S, EV 91.9 MPH)
Top of the 3rd over - 2 runs, 3 hits, 0 errors, 1 left on base; Biloxi 2 - Mississippi 0
BOTTOM OF THE 3RD
Mississippi Braves batting - Pitching for Biloxi Shuckers : RHP Brian Harper
Batting: LHB Mark Thomas 0-0: Fly out, F8 (Flyball, 8RD, EV 100.0 MPH)
Batting: RHB Johnny Burroughs 0-0: Ball
1-0: Swinging Strike
1-1: Foul Ball, location: 2F
1-2: Strikes out swinging
Batting: RHB Brian Huebner 0-0: Foul Ball, location: 2F
0-1: Ball
1-1: Foul Ball, location: 2F
1-2: Ball
2-2: Fly out, F8 (Line Drive, 8RD, EV 106.2 MPH)
Bottom of the 3rd over - 0 runs, 0 hits, 0 errors, 0 left on base; Biloxi 2 - Mississippi 0
TOP OF THE 4TH
Biloxi Shuckers batting - Pitching for Mississippi Braves : RHP Andy Kiefer
Batting: RHB Vinny Estrada 0-0: Ground out 3-1 (Groundball, 34, EV 87.5 MPH)
Batting: RHB John Freeman 0-0: Called Strike
0-1: Called Strike
0-2: Ball
1-2: Ball
2-2: Ball
3-2: Base on Balls
Batting: RHB Steve Byerly 0-0: Grounds into double play, 5-4-3 (Groundball, 56, EV 103.8 MPH)
Top of the 4th over - 0 runs, 0 hits, 0 errors, 0 left on base; Biloxi 2 - Mississippi 0
BOTTOM OF THE 4TH
Mississippi Braves batting - Pitching for Biloxi Shuckers : RHP Brian Harper
Batting: RHB Edgar Castillo 0-0: Ground out 5-3 (Groundball, 56S, EV 76.9 MPH)
Batting: LHB Mark Buchholz 0-0: Ground out 4-3 (Groundball, 4, EV 86.9 MPH)
Batting: SHB Bob Morales 0-0: Called Strike
0-1: SINGLE (Groundball, 15S, EV 70.0 MPH) (infield hit)
Batting: LHB Jose Chinchilla 0-0: Foul Ball, location: 2F
0-1: Ball
1-1: Foul Ball, location: 2F
1-2: Fly out, F7 (Flyball, 78S, EV 85.6 MPH)
Bottom of the 4th over - 0 runs, 1 hit, 0 errors, 1 left on base; Biloxi 2 - Mississippi 0
TOP OF THE 5TH
Biloxi Shuckers batting - Pitching for Mississippi Braves : RHP Andy Kiefer
Batting: RHB Matt Saunders 0-0: Ball
1-0: Ground out 6-3 (Groundball, 6, EV 88.8 MPH)
Batting: RHB Gene Sutton 0-0: Called Strike
0-1: Ball
1-1: Swinging Strike
1-2: Foul Ball, location: 2F
1-2: Ball
2-2: Foul Ball, location: 2F
2-2: Fly out, F4 (Popup, 4, EV 66.2 MPH)
Batting: RHB Logan Morgan 0-0: Ball
1-0: Ball
2-0: Called Strike
2-1: Ball
3-1: Base on Balls
Batting: LHB Joe Vida 0-0: Ball
Logan Morgan is caught stealing 2nd base 2-6
Top of the 5th over - 0 runs, 0 hits, 0 errors, 0 left on base; Biloxi 2 - Mississippi 0
BOTTOM OF THE 5TH
Mississippi Braves batting - Pitching for Biloxi Shuckers : RHP Brian Harper
Batting: RHB Jack Power 0-0: Ball
1-0: Ball
2-0: Called Strike
2-1: Ball
3-1: Ground out 5-3 (Groundball, 56, EV 89.4 MPH)
Batting: RHB Riley Nasiir 0-0: Ball
1-0: Ground out 6-3 (Groundball, 6, EV 106.2 MPH)
Batting: LHB Mark Thomas 0-0: Ball
1-0: Foul Ball, location: 2F
1-1: SOLO HOME RUN (Flyball, 89XD, EV 108.8 MPH), Distance : 417 ft
Batting: RHB Johnny Burroughs 0-0: Ball
1-0: Ball
2-0: Fly out, F9 (Flyball, 9LM, EV 92.5 MPH)
Bottom of the 5th over - 1 run, 1 hit, 0 errors, 0 left on base; Biloxi 2 - Mississippi 1
TOP OF THE 6TH
Biloxi Shuckers batting - Pitching for Mississippi Braves : RHP Andy Kiefer
Batting: LHB Joe Vida 0-0: Bunt - Flyout to 13S! F1
Batting: LHB Alfredo de la Cruz 0-0: Called Strike
0-1: Ball
1-1: SINGLE (Line Drive, 78S, EV 94.4 MPH)
Batting: RHB Matthew Adams 0-0: Ball
1-0: Swinging Strike
1-1: Ball
2-1: Called Strike
2-2: Strikes out swinging
Alfredo de la Cruz steals 2nd base
Batter strikes out.
Pitching: RHP Marko Martin
Batting: RHB Vinny Estrada 0-0: Ball
1-0: Ball
2-0: Ball
3-0: Called Strike
3-1: Called Strike
3-2: Ground out 5-3 (Groundball, 56S, EV 87.5 MPH)
Top of the 6th over - 0 runs, 1 hit, 0 errors, 1 left on base; Biloxi 2 - Mississippi 1
BOTTOM OF THE 6TH
Mississippi Braves batting - Pitching for Biloxi Shuckers : RHP Brian Harper
Batting: RHB Brian Huebner 0-0: Ball
1-0: Called Strike
1-1: Foul Ball, location: 2F
1-2: Ball
2-2: Foul Ball, location: 2F
2-2: Ball
3-2: Foul Ball, location: 2F
3-2: Strikes out swinging
Batting: RHB Edgar Castillo 0-0: Foul Ball, location: 2F
0-1: Swinging Strike
0-2: Ball
1-2: Strikes out swinging
Batting: LHB Mark Buchholz 0-0: Ball
1-0: Ball
2-0: Ball
3-0: Base on Balls
Batting: SHB Bob Morales 0-0: Called Strike
Mark Buchholz steals 2nd base
0-1: Ground out 5-3 (Groundball, 56, EV 88.1 MPH)
Bottom of the 6th over - 0 runs, 0 hits, 0 errors, 1 left on base; Biloxi 2 - Mississippi 1
TOP OF THE 7TH
Biloxi Shuckers batting - Pitching for Mississippi Braves : RHP Marko Martin
Batting: RHB John Freeman 0-0: Called Strike
0-1: SINGLE (Flyball, 7LS, EV 90.0 MPH)
Batting: RHB Steve Byerly
Pinch Hitting: LHB Andy Sanchez 0-0: Ball
1-0: Called Strike
1-1: Swinging Strike
1-2: Strikes out swinging
Batting: RHB Matt Saunders 0-0: Ball
1-0: Ball
2-0: Called Strike
2-1: Ball
3-1: Ground out 5-3 (Groundball, 5, EV 102.5 MPH)
John Freeman to second
Pinch Hitting: LHB Aaron Mobley 0-0: Ball
1-0: Ball
2-0: Foul Ball, location: 2F
2-1: Ball
3-1: Base on Balls
Batting: RHB Logan Morgan 0-0: Called Strike
0-1: Ball
1-1: Ball
2-1: Ball
3-1: Called Strike
3-2: Foul Ball, location: 2F
3-2: Strikes out swinging
Top of the 7th over - 0 runs, 1 hit, 0 errors, 2 left on base; Biloxi 2 - Mississippi 1
BOTTOM OF THE 7TH
Mississippi Braves batting - Pitching for Biloxi Shuckers : RHP Brian Harper
Now at 3B: Nick Spiller
Now at SS: Aaron Mobley
Batting: LHB Jose Chinchilla 0-0: Fly out, F8 (Flyball, 78S, EV 95.0 MPH)
Batting: RHB Jack Power 0-0: Foul Ball, location: 2F
0-1: Foul Ball, location: 2F
0-2: Ball
1-2: Ball
2-2: Foul Ball, location: 2F
2-2: Ground out 4-3 (Groundball, 4S, EV 82.5 MPH)
Batting: RHB Riley Nasiir 0-0: Ball
1-0: Foul Ball, location: 2F
1-1: Ball
2-1: SINGLE (Line Drive, 78S, EV 93.1 MPH)
Batting: LHB Mark Thomas 0-0: Called Strike
Riley Nasiir steals 2nd base (no throw)
0-1: SINGLE (Flyball, 56D, EV 85.0 MPH)
Riley Nasiir to third
Runner from 3rd tries for Home, throw by LF and OUT! 7-2
Bottom of the 7th over - 0 runs, 2 hits, 0 errors, 1 left on base; Biloxi 2 - Mississippi 1
TOP OF THE 8TH
Biloxi Shuckers batting - Pitching for Mississippi Braves : RHP Marko Martin
Pitching: LHP Joey Dover
Batting: LHB Joe Vida 0-0: Ball
1-0: Swinging Strike
1-1: Swinging Strike
1-2: Strikes out swinging
Batting: LHB Alfredo de la Cruz 0-0: Called Strike
0-1: Ball
1-1: Ball
2-1: Foul Ball, location: 2F
2-2: Ball
3-2: Strikes out looking
Pitching: RHP Ricky Rivera
Batting: RHB Matthew Adams 0-0: SOLO HOME RUN (Flyball, 7LD, EV 95.6 MPH), Distance : 357 ft
Batting: RHB Vinny Estrada 0-0: Called Strike
0-1: Ball
SINGLE, but batter called out on appeal for missing first base!
Top of the 8th over - 1 run, 1 hit, 0 errors, 0 left on base; Biloxi 3 - Mississippi 1
BOTTOM OF THE 8TH
Mississippi Braves batting - Pitching for Biloxi Shuckers : RHP Brian Harper
Batting: RHB Johnny Burroughs 0-0: Ball
1-0: Ground out 6-3 (Groundball, 6, EV 79.4 MPH)
Pinch Hitting: RHB Ike Trout 0-0: Ball
1-0: Foul Ball, location: 2F
1-1: Ball
2-1: Foul Ball, location: 2F
2-2: Ball
3-2: SINGLE (Groundball, 56D, EV 94.4 MPH)
Batting: RHB Edgar Castillo 0-0: Ball
1-0: Foul Ball, location: 2F
1-1: Foul Ball, location: 2F
1-2: SINGLE (Line Drive, 8RS, EV 113.1 MPH)
Ike Trout to second
Batting: LHB Mark Buchholz 0-0: 3-RUN HOME RUN (Line Drive, 7LD, EV 95.0 MPH), Distance : 346 ft
Batting: SHB Bob Morales 0-0: Ball
1-0: Called Strike
1-1: Fly out, F8 (Line Drive, 8LD, EV 88.8 MPH)
Batting: LHB Jose Chinchilla 0-0: Ball
1-0: Ball
2-0: Called Strike
2-1: Ground out U3 (Groundball, 34S, EV 85.0 MPH)
Bottom of the 8th over - 3 runs, 3 hits, 0 errors, 0 left on base; Biloxi 3 - Mississippi 4
TOP OF THE 9TH
Biloxi Shuckers batting - Pitching for Mississippi Braves : RHP Ricky Rivera
Pitching: RHP Orlando Velazquez
Now at 1B: Ike Trout
Batting: RHB John Freeman 0-0: Ball
1-0: Swinging Strike
1-1: Ball
2-1: Foul Ball, location: 2F
2-2: Foul Ball, location: 2F
2-2: Ball
3-2: Strikes out swinging
Batting: RHB Nick Spiller 0-0: Ground out U3 (Groundball, 3, EV 107.5 MPH)
Batting: RHB Matt Saunders 0-0: Fly out, F9 (Flyball, 89D, EV 108.1 MPH)
Top of the 9th over - 0 runs, 0 hits, 0 errors, 0 left on base; Biloxi 3 - Mississippi 4
Wednesday, June 22nd , 2022 - OOTP Baseball 23.4 Build 64